 Dungeon Crawl Stone Soup version 0.31.0-11-ge490571c62 (webtiles) character file.

Game seed: 3328362166209138648

177 LordJstr the Covered (level 5, -3/33 HPs)
             Began as a Gargoyle Fighter on Jan 30, 2024.
             Was an Initiate of Trog.
             Incinerated by a bombardier beetle (4 damage)
             ... with a burning spray
             ... on level 3 of the Dungeon.
             The game lasted 00:07:59 (1920 turns).

LordJstr the Covered (Gargoyle Fighter)             Turns: 1920, Time: 00:08:00

Health: -3/33      AC: 11    Str: 21    XL:     5   Next: 57%
Magic:  5/5        EV:  9    Int:  9    God:    Trog [......]
Gold:   135        SH:  4    Dex:  9    Spells: 4/4 levels left

rFire   . . .        a - +0 flail
rCold   . . .        c - +0 buckler
rNeg    + . .        b - +0 scale mail
rPois   ∞            (no helmet)
rElec   +            (no cloak)
rCorr   .            (no gloves)
SInv    .            (no boots)
Will    .....        (no amulet) Stlth
                     (no ring)
HPRegen 0.25/turn    (no ring)
MPRegen 0.09/turn

%: no passive effects
@: mighty, on fire, glowing
A: sickness immunity, AC +4, negative energy resistance 1, electricity
resistance, torment resistance 1, petrification resistance
a: Renounce Religion


You were on level 3 of the Dungeon.
You worshipped Trog.
Trog was noncommittal.
You visited 1 branch of the dungeon, and saw 3 of its levels.

You collected 135 gold pieces.

Inventory:

Hand Weapons
 a - a +0 flail (weapon)
Armour
 b - a +0 scale mail (worn)
 c - a +0 buckler (worn)
Jewellery
 m - an amulet of faith
Scrolls
 e - 5 scrolls of identify {unknown}
 f - a scroll of teleportation {unknown}
 g - a scroll of vulnerability {unknown}
 h - a scroll of poison {unknown}
 j - a scroll of fear {unknown}
Potions
 i - 2 potions of attraction {unknown}
 k - 3 potions of curing {unknown}
 l - a potion of heal wounds {unknown}


   Skills:
 + Level 4.0 Fighting
 + Level 3.2 Maces & Flails
 + Level 4.7 Armour
 + Level 0.7 Dodging
 + Level 0.1 Stealth
 + Level 4.1 Shields


You had 4 spell levels left.
You didn't know any spells.
Your spell library was empty.

Dungeon Overview and Level Annotations

Branches:
Dungeon (3/15)

Altars:
Trog

Shops:
D:1 [   D:2 :


Innate Abilities, Weirdness & Mutations

You are immune to sickness and miasma.
Your stone body is resilient. (AC +4)
You are immune to poison.
You resist negative energy. (rN+)
You are resistant to electric shocks. (rElec)
You are resistant to unholy torment.
You are immune to petrification.


Message History

The burning spray hits you.
You are even more covered in liquid fire!
A quokka comes into view.
You hit the bombardier beetle.
The bombardier beetle is almost dead.
The liquid fire burns you! The rat bites you but does no damage.
You sock the bombardier beetle!
You kill the bombardier beetle!
Trog accepts your kill. The liquid fire burns you!
The quokka twitches its whiskers.
The rat bites you but does no damage. You block the rat's attack.
Your Fighting skill increases to level 4!
Your Maces & Flails skill increases to level 3!
You hit the dart slug but do no damage. The liquid fire burns you!
The rat bites you but does no damage. You block the rat's attack.
The dart slug bites you but does no damage.
You sock the dart slug!
The dart slug is severely wounded.
The liquid fire burns you!
* * * LOW HITPOINT WARNING * * *
The rat bites you but does no damage. x2
The dart slug launches a dart at you.
The slug dart hits you but does no damage.
You block the rat's attack. The rat closely misses you.
You feel very mighty all of a sudden. The liquid fire burns you!
* * * LOW HITPOINT WARNING * * *
The quokka closely misses you. The dart slug launches a dart at you.
The slug dart hits you.
* * * LOW HITPOINT WARNING * * *
You block the rat's attack. The rat bites you but does no damage.
You bludgeon the dart slug!!
You kill the dart slug!
Trog accepts your kill. The liquid fire burns you!
You die...

.....(##.......
....)$##.......
.....#..#......
...............
......$........
...............
......r†r.....#
#.....r@.....#
##.)........##
##......$.##
####')####
#..######.#
###.#..........
#..............
#.#.###.#######
... #.#


You could see a quokka and 2 rats.

Vanquished Creatures
  A bombardier beetle (D:3)
  Natasha (thrice) (D:2)
  3 adders
  2 dart slugs
  3 ribbon worms (D:2)
  An orc (D:3)
  4 ball pythons
  5 bats
  An endoplasm (D:1)
  4 giant cockroaches
  A goblin (D:2)
  2 hobgoblins (D:1)
  2 kobolds
  A quokka (D:1)
  2 frilled lizards
  3 rats
38 creatures vanquished.

Notes
Turn   | Place    | Note
-------+----------+-------------------------------------------
     0 | D:1      | LordJstr the Gargoyle Fighter began the quest for the Orb.
     0 | D:1      | Reached XP level 1. HP: 14/14 MP: 1/1
     2 | D:1      | Found Woujoa's Armour Shoppe.
   251 | D:1      | Reached XP level 2. HP: 18/19 MP: 2/2
   907 | D:2      | Reached XP level 3. HP: 17/23 MP: 3/3
   992 | D:2      | Noticed Natasha
  1000 | D:2      | Killed Natasha
  1091 | D:2      | Reached XP level 4. HP: 29/29 MP: 4/4
  1379 | D:2      | Noticed Natasha
  1386 | D:2      | Killed Natasha
  1460 | D:2      | Noticed Natasha
  1466 | D:2      | Killed Natasha
  1467 | D:2      | Reached XP level 5. HP: 28/33 MP: 5/5
  1510 | D:2      | Found Ruclug's Book Shoppe.
  1811 | D:3      | Found a bloodstained altar of Trog.
  1816 | D:3      | Became a worshipper of Trog the Wrathful
  1919 | D:3      | HP: 1/33 [dart slug/slug dart (3)]
  1920 | D:3      | Incinerated by a bombardier beetle

Illustrated notes

Levels and vault maps discovered:
D:1:      dpeg_arrival_tiny_f, layout_basic, serial_shops, shop
D:2:      layout_basic, serial_shops, shop, serial_bayou, serial_bayou_lake_a,
          serial_bayou_pond_a, serial_bayou_lagoon_a, serial_bayou_ford_a,
          uniq_natasha
D:3:      kennysheep_big_flooded_room, layout_loops_ring,
          mainiacjoe_overflow_concentric_impassable,
          mainiacjoe_overflow_alcove_4, nemelex_diamond_rough_becter,
          serial_shops, nicolae_shop_tiny_statue_garden

Skill      XL: |  1  2  3  4  5 |
---------------+----------------+-----
Armour         | 4 |  4.7
Shields        | 4 |  4.1
Fighting       | 4 |  4.0
Maces & Flails | 3 |  3.2
Dodging        | |  0.7
Stealth        | |  0.1

Action                     |  1- 3 |  4- 6 || total
---------------------------+-------+-------++-------
  Melee: Flail             |    69 |   118 ||   187
  Throw: Stone             |       |     2 ||     2
    Use: Potion            |       |     1 ||     1
 Armour: Scale mail        |    62 |   102 ||   164
  Dodge: Dodged            |    42 |    85 ||   127
  Block: Buckler           |    18 |    28 ||    46
